 Dungeon Crawl Stone Soup version 0.28.0-53-g5a82cb258f (webtiles) character file.

Game seed: 11020358341366847323

198 DocClef the Firebug (level 5, -2/37 HPs)
             Began as a Gnoll Fire Elementalist on July 15, 2022.
             Slain by a gnoll sergeant
             ... wielding a +0 trident
              (11 damage)
             ... on level 4 of the Dungeon.
             The game lasted 00:04:51 (3676 turns).

DocClef the Firebug (Gnoll Fire Elementalist)       Turns: 3676, Time: 00:04:51

Health: -2/37      AC:  2    Str:  9    XL:     5   Next: 76%
Magic:  5/12       EV: 13    Int: 17    God:
Gold:   133        SH:  0    Dex: 12    Spells: 5/14 levels left

rFire   + + .      SeeInvis .   s - staff of fire
rCold   x . .      Faith    .   (no shield)
rNeg    . . .      Spirit   .   a - +0 robe
rPois   .          Reflect  .   (no helmet)
rElec   .          Harm     .   (no cloak)
rCorr   .          Rampage  .   (no gloves)
Will    .....                   (no boots)
Stlth   +++.......              (no amulet)
HPRegen 0.12/turn               o - ring of Rebunta {Fire Str+2}
MPRegen 0.13/turn               j - +4 ring of slaying

@: no status effects
A: fangs 1, strong nose, distributed training
a: no special abilities


You were on level 4 of the Dungeon.
You visited 1 branch of the dungeon, and saw 4 of its levels.

You collected 133 gold pieces.

Inventory:

Hand Weapons
 b - a +0 dagger
 k - a +4 spear
Armour
 a - a +0 robe (worn)
Magical Staves
 i - a staff of conjuration
 s - a staff of fire (weapon)
Jewellery
 j - a +4 ring of slaying (right hand)
 o - the ring of Rebunta (left hand) {Fire Str+2}
   (You found it on level 2 of the Dungeon)

   [ring of fire]

   It enhances your fire magic.
   Str:       It affects your strength (+2).
   rF:        It protects you from fire.
   rC:        It makes you vulnerable to cold.
Wands
 l - a wand of paralysis (4)
 u - a wand of acid (8)
Scrolls
 d - a scroll of fog {unknown}
 e - a scroll of amnesia {unknown}
 g - 3 scrolls of identify {unknown}
 n - a scroll of noise {unknown}
 p - a scroll of summoning {unknown}
 r - a scroll of immolation {unknown}
Potions
 c - a potion of ambrosia {unknown}
 f - 2 potions of might {unknown}
 h - a potion of degeneration {unknown}
 m - 2 potions of curing {unknown}
 q - a potion of magic {unknown}
 t - a potion of cancellation {unknown}


   Skills:
 + Level 1.6 Fighting
 + Level 1.6 Short Blades
 + Level 1.6 Long Blades
 + Level 1.6 Axes
 + Level 1.6 Maces & Flails
 + Level 1.6 Polearms
 + Level 1.6 Staves
 + Level 1.6 Slings
 + Level 1.6 Bows
 + Level 1.6 Crossbows
 + Level 1.6 Throwing
 + Level 1.6 Armour
 + Level 4.8 Dodging
 + Level 4.4 Stealth
 + Level 1.6 Shields
 + Level 1.6 Unarmed Combat
 + Level 5.2 Spellcasting
 + Level 2.4 Conjurations
 + Level 1.3 Hexes
 + Level 1.3 Summonings
 + Level 1.3 Necromancy
 + Level 1.3 Translocations
 + Level 1.3 Transmutations
 + Level 5.6 Fire Magic
 + Level 1.3 Ice Magic
 + Level 1.3 Air Magic
 + Level 1.3 Earth Magic
 + Level 1.3 Poison Magic
 + Level 1.8 Invocations
 + Level 1.6 Evocations


You had 5 spell levels left.
You knew the following spells:

 Your Spells              Type           Power      Damage    Failure   Level
a - Foxfire               Conj/Fire      100%       2x1d9     2%          1
b - Scorch                Fire           100%       2d10      2%          2
c - Conjure Flame         Conj/Fire      40%        6-21      8%          3
d - Inner Flame           Hex/Fire       36%        N/A       10%         3

Your spell library contained the following spells:

 Spells                   Type           Power      Damage    Failure   Level
 Dazzling Flash           Conj/Hex       20%        N/A       19%         3
 Ozocubu's Armour         Ice            8%         N/A       24%         3
 Flame Wave               Conj/Fire      40%        2d9       26%         4
 Agony                    Necr           8%         N/A       92%         5
 Silence                  Hex/Air        4%         N/A       92%         5
 Ozocubu's Refrigeration  Ice            4%         4d5       100%        7


Dungeon Overview and Level Annotations

Branches:
Dungeon (4/15)
 Temple: D:4-7

Altars:
Lugonu

Shops:
D:3 =

Portals:
Abyss: D:3


Innate Abilities, Weirdness & Mutations

You have very sharp teeth.
Your uncanny sense of smell can sniff out nearby items.
Your experience applies equally to all skills.


Message History

You feel a strong surge of power!
You conjure some foxfire!
The foxfire hits the gnoll.
You kill the gnoll!
The foxfire hits the gnoll.
The gnoll is moderately wounded.
A gnoll sergeant comes into view. It is wielding a +0 trident.
You feel a strong surge of power!
You conjure some foxfire!
The gnoll sergeant shouts!
The foxfire hits the gnoll.
The gnoll is heavily wounded.
The foxfire hits the gnoll.
The gnoll is severely wounded.
You feel a strong surge of power!
You conjure some foxfire!
The gnoll closely misses you.
The foxfire hits the gnoll.
You kill the gnoll!
The foxfire hits the gnoll sergeant.
The gnoll sergeant is lightly wounded.
You feel a strong surge of power!
You conjure some foxfire!
The foxfire hits the gnoll sergeant.
The gnoll sergeant is moderately wounded.
The foxfire hits the gnoll sergeant but does no damage.
The gnoll sergeant is moderately wounded.
You feel a strong surge of power!
You conjure some foxfire!
The gnoll sergeant closely misses you.
The foxfire hits the gnoll sergeant but does no damage.
The gnoll sergeant is moderately wounded.
The foxfire hits the gnoll sergeant.
The gnoll sergeant is heavily wounded.
The gnoll sergeant hits you from afar with a +0 trident!
You feel a strong surge of power!
You conjure some foxfire!
The gnoll sergeant closely misses you.
The foxfire hits the gnoll sergeant!
The gnoll sergeant is severely wounded.
The foxfire hits the gnoll sergeant but does no damage.
The gnoll sergeant is severely wounded.
The gnoll sergeant hits you from afar with a +0 trident!
* * * LOW HITPOINT WARNING * * *
The gnoll sergeant hits you from afar with a +0 trident!
You die...

### ..# #!# ## #.#
##.#### #### #.# ##.....
.(# #)###.....##### ∆ #.#
#g##..........# #
#.###.###.#...........#.#
#.......@.##.............
#####.##### #.<.........#
#.# ##........# #.#
##.####### #.# #.#######
#.### #.......# # # #...#
#.#####.### ##.###.#
#.....#.##.
##......#######.....#.#..


You could see a gnoll sergeant.

Vanquished Creatures
  A bullfrog zombie (D:3)
  Ijyb (D:3)
  3 gnolls (D:4)
  4 adders
  4 dart slugs
  6 bats
  7 endoplasms
  2 giant cockroaches (D:2)
  5 goblins
  7 hobgoblins
  2 jackals (D:1)
  A quokka (D:2)
  6 ball pythons
  5 frilled lizards
  12 kobolds
  9 rats
75 creatures vanquished.

Vanquished Creatures (others)
  228 foxfires
  7 plants (D:2)
235 creatures vanquished.

Grand Total: 310 creatures vanquished

Notes
Turn   | Place    | Note
-------+----------+-------------------------------------------
     0 | D:1      | DocClef the Gnoll Fire Elementalist began the quest for the
                  | Orb.
     0 | D:1      | Reached XP level 1. HP: 13/13 MP: 6/6
   349 | D:1      | Reached XP level 2. HP: 19/19 MP: 2/7
  1199 | D:1      | Reached XP level 3. HP: 25/25 MP: 9/9
  1343 | D:1      | Reached skill level 5 in Spellcasting
  1648 | D:2      | Reached skill level 1 in Invocations
  1746 | D:2      | Found a faded altar of an unknown god.
  1841 | D:2      | Reached skill level 1 in Fighting
  1841 | D:2      | Reached skill level 1 in Short Blades
  1841 | D:2      | Reached skill level 1 in Long Blades
  1841 | D:2      | Reached skill level 1 in Axes
  1841 | D:2      | Reached skill level 1 in Maces & Flails
  1841 | D:2      | Reached skill level 1 in Polearms
  1841 | D:2      | Reached skill level 1 in Staves
  1841 | D:2      | Reached skill level 1 in Slings
  1841 | D:2      | Reached skill level 1 in Bows
  1841 | D:2      | Reached skill level 1 in Crossbows
  1841 | D:2      | Reached skill level 1 in Throwing
  1841 | D:2      | Reached skill level 1 in Armour
  1841 | D:2      | Reached skill level 1 in Shields
  1841 | D:2      | Reached skill level 1 in Unarmed Combat
  1841 | D:2      | Reached skill level 1 in Evocations
  1890 | D:3      | Noticed Ijyb
  1897 | D:3      | Paralysed by Ijyb for 2 turns
  1905 | D:3      | Killed Ijyb
  1906 | D:3      | Reached XP level 4. HP: 9/32 MP: 0/11
  2251 | D:2      | Identified the ring of Rebunta {Fire Str+2}
  2259 | D:2      | Reached skill level 1 in Hexes
  2259 | D:2      | Reached skill level 1 in Summonings
  2259 | D:2      | Reached skill level 1 in Necromancy
  2259 | D:2      | Reached skill level 1 in Translocations
  2259 | D:2      | Reached skill level 1 in Transmutations
  2259 | D:2      | Reached skill level 1 in Ice Magic
  2259 | D:2      | Reached skill level 1 in Air Magic
  2259 | D:2      | Reached skill level 1 in Earth Magic
  2259 | D:2      | Reached skill level 1 in Poison Magic
  2825 | D:3      | Reached XP level 5. HP: 37/37 MP: 9/12
  2828 | D:3      | Learned a level 2 spell: Scorch
  2832 | D:3      | Learned a level 3 spell: Conjure Flame
  2836 | D:3      | Learned a level 3 spell: Inner Flame
  2951 | D:3      | Found a one-way gate to the infinite horrors of the Abyss.
  2980 | D:3      | Found Rofoder's Jewellery Shoppe.
  3238 | D:3      | Found a large runed translucent door.
  3239 | D:3      | Found a large runed translucent door.
  3244 | D:3      | Found a corrupted altar of Lugonu.
  3676 | D:4      | Slain by a gnoll sergeant

Illustrated notes

Levels and vault maps discovered:
D:1:      elethiomel_arrival_fortress_basement, layout_basic,
          serial_corexii_hall, chequers_hall_statues_wall_a,
          chequers_hall_statues_corner_a, grunt_decor_cap
D:2:      layout_rooms, shapermc_ecumenical_altar_starsandcircs, minivault_14,
          lexackson_kobold_supper
D:3:      due_chaos_kobolds, layout_rooms, serial_shops, shop, uniq_ijyb
D:4:      layout_loops_corners

Skill      XL: |  1  2  3  4 |
---------------+-------------+-----
Conjurations   | 2 |  2.4
Spellcasting   | 5 |  5.2
Invocations    | 1 |  1.8
Fighting       | 1 |  1.6
Short Blades   | 1 |  1.6
Long Blades    | 1 |  1.6
Axes           | 1 |  1.6
Maces & Flails | 1 |  1.6
Polearms       | 1 |  1.6
Staves         | 1 |  1.6
Slings         | 1 |  1.6
Bows           | 1 |  1.6
Crossbows      | 1 |  1.6
Throwing       | 1 |  1.6
Armour         | 1 |  1.6
Shields        | 1 |  1.6
Unarmed Combat | 1 |  1.6
Evocations     | 1 |  1.6
Hexes          | 1 |  1.3
Summonings     | 1 |  1.3
Necromancy     | 1 |  1.3
Translocations | 1 |  1.3
Transmutations | 1 |  1.3
Ice Magic      | 1 |  1.3
Air Magic      | 1 |  1.3
Earth Magic    | 1 |  1.3
Poison Magic   | 1 |  1.3
Dodging        | |  4.8
Stealth        | |  4.4
Fire Magic     | |  5.6

Action                   |  1- 3 |  4- 6 || total
-------------------------+-------+-------++-------
Melee: Dagger            |    51 |       ||    51
       Bite              |     7 |     2 ||     9
       Unarmed           |     1 |       ||     1
       Punch             |     1 |       ||     1
       Spear             |     6 |    36 ||    42
 Cast: Foxfire           |    80 |    60 ||   140
       Conjure Flame     |       |     1 ||     1
 Stab: Sleeping          |     2 |     1 ||     3
Armor: Robe              |     9 |     3 ||    12
Dodge: Dodged            |    34 |     8 ||    42
